 Dungeon Crawl Stone Soup version 0.18.1-5-g4a78601 (webtiles) character file.

4923 M4edhros the Covert (level 10, -16/71 HPs)
             Began as an Octopode Artificer on May 13, 2016.
             Was an Initiate of Gozag.
             Demolished by a white ugly thing (36 damage)
             ... on level 9 of the Dungeon.
             The game lasted 00:15:23 (9713 turns).

M4edhros the Covert (Octopode Artificer)            Turns: 9713, Time: 00:15:23

Health: -16/71     AC:  1    Str: 14    XL:     10   Next: 52%
Magic:  12/12      EV: 19    Int: 14    God:    Gozag
Gold:   719        SH:  0    Dex: 16    Spells: 0 memorised, 9 levels left

rFire  . . .     SeeInvis .     C - +1 trident (venom)
rCold  . . .     Gourm    .     (no shield)
rNeg   . . .     Faith    .     (helmet restricted)
rPois  +         Spirit   .     m - amulet of harm
rElec  .         Dismiss  .     t - +3 ring of strength
rCorr  .         Reflect  .     n - ring of poison resistance
SustAt .         Harm     +     E - +2 ring of evasion
MR     .....                    (no ring)
Stlth  +++++++...               (no ring)
                                (no ring)
                                (no ring)
                                (no ring)

@: not resistant to hostile enchantments, extremely stealthy
A: almost no armour, amphibious, 8 rings, constrict 8, camouflage 1, gelatinous
body 1
a: Potion Petition, Call Merchant, Bribe Branch, Renounce Religion


You were on level 9 of the Dungeon.
You worshipped Gozag.
Gozag was noncommittal.
You were not hungry.

You visited 2 branches of the dungeon, and saw 10 of its levels.
You also visited: Sewer.

You collected 1655 gold pieces.
You spent 160 gold pieces at shops.
You paid 776 gold pieces to Gozag.

Inventory:

Hand Weapons
 a - a +0 short sword
 e - a +0 blowgun
 g - a +2 short sword of protection
 o - a +0 antimagic spear
 y - a +2 dagger of venom
 C - a +1 trident of venom (weapon)
Missiles
 i - 7 javelins (quivered)
Jewellery
 m - an amulet of harm (around mantle)
 n - a ring of poison resistance (right tentacle)
 t - a +3 ring of strength (left tentacle)
 E - a +2 ring of evasion (on tentacle)
 G - a +4 ring of strength
Wands
 b - a wand of flame (4/48)
 c - a wand of enslavement (1/24)
 d - a wand of random effects (42/48)
 v - a wand of disintegration (11/24)
 w - a wand of iceblast (11/15)
 z - a wand of polymorph (7/24)
 B - a wand of confusion (22/48)
 D - a wand of enslavement (17/24)
Scrolls
 h - a scroll of fog
 j - 2 scrolls of identify
 k - 9 scrolls of teleportation
 q - 3 scrolls of remove curse
 r - a scroll of enchant weapon
 s - 2 scrolls of amnesia {unknown}
 u - a scroll of magic mapping {unknown}
Potions
 A - a potion of haste {unknown}
Comestibles
 f - 7 bread rations
 l - 3 meat rations
 x - 14 fruits
 F - a slice of pizza


   Skills:
 + Level 7.3 Fighting
 - Level 1.0 Short Blades
 * Level 7.0 Polearms
 + Level 7.9 Dodging
 + Level 11.6 Stealth
 - Level 3.2 Evocations


You had 9 spell levels left.
You didn't know any spells.

Dungeon Overview and Level Annotations

Branches:
Dungeon (9/15)             Temple (1/1) D:5            Lair (0/8) D:8
    Orc: D:9-12

Altars:
Ashenzari
Cheibriados
Elyvilon
Fedhas
Gozag
Kikubaaqudgha
Makhleb
Nemelex Xobeh
Okawaru
Pakellas
Qazlal
Ru
Sif Muna
Trog
Vehumet
Xom
Yredelemnul
Zin
The Shining One

Shops:
D:4 *   D:7 =*


Innate Abilities, Weirdness & Mutations

You cannot wear most types of armour.
You are amphibious.
You can wear up to eight rings at the same time.
You can use your tentacles to constrict eight enemies at once.
Your skin changes colour to match your surroundings (Stealth).
Your rubbery body absorbs attacks (AC +1).


Message History

You hit the white ugly thing.
The white ugly thing is heavily wounded.
You constrict the white ugly thing. The white ugly thing pecks you!
The white ugly thing freezes you!!
Ouch! That really hurt!
* * * LOW HITPOINT WARNING * * *
You are too injured to fight recklessly!
You release your grip on the white ugly thing.
Drink which item? (? for menu, Esc to quit)
You feel better.
The white ugly thing completely misses you.
You hit the white ugly thing but do no damage.
Your grab misses the white ugly thing.
The white ugly thing is severely wounded.
The white ugly thing pecks you!
* * * LOW HITPOINT WARNING * * *
The white ugly thing freezes you!!
Ouch! That really hurt!
You die...
Your body crumbles into a pile of gold.

.. #..#
#.###.## ..
#..# #.###.##
..##..#
##.###.##
#..##..#
.###.###u###.##
.......@[....#
##############


You could see a white ugly thing.

Vanquished Creatures
  Pikel (D:5)
  An elephant (D:8)
  A hungry ghost (D:7)
  Purgy (Sewer)
  5 sky beasts
  2 slaves (D:5)
  A phantom (D:6)
  4 orc warriors
  An ogre (D:8)
  A centaur (D:7)
  A crocodile (D:8)
  3 giant frogs
  A gnoll sergeant (D:7)
  A scorpion (D:6)
  10 howler monkeys
  7 crimson imps
  A giant frog zombie (D:8)
  A centaur zombie (D:8)
  3 jellies
  6 orc priests
  4 hounds
  16 orc wizards
  4 giant frog skeletons
  2 centaur skeletons
  An iguana (D:7)
  9 worker ants
  Natasha (thrice) (D:4)
  A sheep (D:8)
  A hound skeleton (D:4)
  10 gnolls
  16 adders
  2 river rats (D:6)
  A shadow imp (D:9)
  2 worms
  3 giant geckos
  26 orcs
  5 giant cockroaches
  5 goblins
  7 hobgoblins
  12 jackals
  5 quokkas
  6 ball pythons
  15 bats
  A giant gecko skeleton (D:7)
  2 giant newts (D:2)
  8 kobolds
  A quokka zombie (D:6)
  5 rats
225 creatures vanquished.

Vanquished Creatures (collateral kills)
  A giant frog zombie (D:7)
  2 orc priests
  3 gnolls
  A gnoll shaman (D:4)
7 creatures vanquished.

Vanquished Creatures (others)
  A slave (D:5)
  A gnoll (D:4)
2 creatures vanquished.

Grand Total: 234 creatures vanquished

Notes
Turn   | Place    | Note
--------------------------------------------------------------
     0 | D:1      | M4edhros the Octopode Artificer began the quest for the Orb.
     0 | D:1      | Reached XP level 1. HP: 13/13 MP: 3/3
    65 | D:1      | Reached skill level 2 in Stealth
   109 | D:1      | Reached skill level 3 in Stealth
   109 | D:1      | Reached XP level 2. HP: 10/18 MP: 4/4
   268 | D:3      | Found a basalt altar of Yredelemnul.
   292 | D:3      | Found a burning altar of Makhleb.
   416 | D:3      | Found a snail-covered altar of Cheibriados.
   469 | D:3      | Reached skill level 4 in Stealth
   474 | D:3      | Reached XP level 3. HP: 23/23 MP: 5/5
   542 | D:3      | Found a sparkling altar of Nemelex Xobeh.
   592 | D:4      | Reached skill level 5 in Stealth
   592 | D:4      | Reached XP level 4. HP: 28/28 MP: 6/6
   596 | D:4      | Reached skill level 6 in Stealth
   602 | D:4      | Reached XP level 5. HP: 16/33 MP: 7/7
   710 | D:4      | Reached skill level 7 in Stealth
   742 | D:4      | Found Gydusyxi's Assorted Antiques.
   810 | D:4      | Reached skill level 8 in Stealth
   817 | D:4      | Reached XP level 6. HP: 4/38 MP: 8/8
   865 | D:4      | Noticed Natasha
   888 | D:4      | Killed Natasha
   951 | D:4      | Reached skill level 9 in Stealth
   996 | D:4      | Found a glowing drain.
  1371 | D:4      | Reached skill level 10 in Stealth
  1371 | D:4      | Reached XP level 7. HP: 24/43 MP: 9/9
  1589 | D:4      | Noticed Natasha
  1800 | D:4      | Killed Natasha
  1999 | D:4      | Noticed Natasha
  2005 | D:4      | Killed Natasha
  2434 | D:5      | Entered Level 5 of the Dungeon
  2555 | D:4      | Reached skill level 1 in Polearms
  2888 | D:5      | Reached XP level 8. HP: 51/52 MP: 3/10
  3010 | D:5      | Found a staircase to the Ecumenical Temple.
  3021 | Temple   | Entered the Ecumenical Temple
  3059 | Temple   | Became a worshipper of Gozag Ym Sagoz the Greedy
  4494 | D:3      | Found an oddly glowing altar of Pakellas.
  5158 | D:5      | Noticed Pikel
  5167 | D:5      | Killed Pikel
  5167 | D:5      | Reached skill level 5 in Dodging
  5363 | D:5      | Reached skill level 5 in Fighting
  5608 | D:5      | Reached XP level 9. HP: 61/61 MP: 11/11
  5781 | D:6      | Reached skill level 5 in Polearms
  6231 | D:6      | Found a glowing drain.
  6244 | Sewer    | Entered a sewer
  6285 | Sewer    | Noticed Purgy
  6292 | Sewer    | Killed Purgy
  6589 | D:6      | Found a glowing golden altar of the Shining One.
  7011 | D:7      | Found Vusteg's Jewellery Shoppe.
  7041 | D:7      | Bought a +2 ring of evasion for 160 gold pieces
  7610 | D:7      | HP: 3/63 [orc (3)]
  7822 | D:7      | Reached XP level 10. HP: 43/69 MP: 12/12
  8017 | D:7      | Reached skill level 11 in Stealth
  8459 | D:8      | Found a white marble altar of Elyvilon.
  8619 | D:8      | Noticed an elephant
  8620 | D:8      | Found a staircase to the Lair.
  8654 | D:8      | Killed an elephant
  9704 | D:9      | Noticed a white ugly thing
  9713 | D:9      | Demolished by a white ugly thing

Skill      XL: |  1  2  3  4  5  6  7  8  9 10 |
---------------+-------------------------------+-----
Stealth        | 3 4 5 6 8 10 11 | 11.6
Fighting       | 3 5 6 7 |  7.3
Dodging        | 3 5 7 |  7.9
Polearms       | 1 4 5 7 |  7.0
Short Blades   | |  1.0
Evocations     | |  3.2

Action                   |  1- 3 |  4- 6 |  7- 9 | 10-12 || total
-------------------------+-------+-------+-------+-------++-------
Melee: Short sword       |    32 |    50 |    36 |       ||   118
       Constrict         |     9 |    14 |    74 |    17 ||   114
       Tentacles         |     6 |    14 |    76 |    32 ||   128
       Spear             |       |       |   106 |       ||   106
       Dagger            |       |       |   173 |       ||   173
       Trident           |       |       |    39 |   156 ||   195
Invok: Call Merchant     |       |       |     1 |       ||     1
Evoke: Wand              |       |    19 |     3 |     3 ||    25
  Use: Potion            |       |     3 |     8 |     2 ||    13
       Scroll            |       |       |    13 |       ||    13
 Stab: Sleeping          |     6 |     2 |    57 |     9 ||    74
       Distracted        |       |       |     1 |     2 ||     3
       Betrayed ally     |       |       |     1 |       ||     1
  Eat: Chunk             |       |     1 |     5 |       ||     6
       Beef jerky        |       |       |     3 |       ||     3
       Meat ration       |       |       |     2 |     2 ||     4
Armor: Skin              |     6 |    19 |    30 |     4 ||    59
Dodge: Dodged            |    11 |    21 |   192 |    78 ||   302
